Selects Luftwaffe Battlegroup
Selects Luftwaffe Pioneer Support
Fallschirmpioneer Squad Paradrop
Construct Infanterie Kompanie
Construct Luftwaffe Kompanie
Flak 30 Anti-aircraft Gun Team
Selects Reconnaissance Run
Selects Fallschirmjäger Squad Paradrop
Fallschirmjäger Squad Paradrop
Luftwaffe Officer Quarters
Marder III M Tank Destroyer
Selects Flak 38 Anti-Air Emplacement
Selects Infantry Reserves
Marder III M Tank Destroyer
Marder III M Tank Destroyer
Fallschirmjäger Squad Paradrop
Fallschirmjäger Squad Paradrop